 Dungeon Crawl Stone Soup version 0.29-a0-422-gafbd6decc1 (webtiles) character file.

Game seed: 7558774514237604674

593 ptdevnull the Cruncher (level 7, -1/52 HPs)
             Began as a Formicid Fighter on May 19, 2022.
             Slain by a troll (11 damage)
             ... on level 5 of the Dungeon.
             The game lasted 00:08:45 (3802 turns).

ptdevnull the Cruncher (Formicid Fighter)           Turns: 3802, Time: 00:08:45

Health: -1/52      AC: 12    Str: 23    XL:     7   Next: 67%
Magic:  7/7        EV:  6    Int:  7    God:
Gold:   214        SH: 13    Dex: 10    Spells: 6/6 levels left

rFire   . . .      SeeInvis +   a - +0 quarterstaff
rCold   + . .      Faith    .   t - +0 kite shield
rNeg    . . .      Spirit   .   m - +2 chain mail {rC+}
rPois   .          Reflect  +   (helmet unavailable)
rElec   .          Harm     .   (no cloak)
rCorr   .          Rampage  .   i - +0 pair of gloves
Will    .....                   (no boots)
Stlth   ..........              x - amulet of reflection
HPRegen 0.17/turn               (no ring)
MPRegen 0.10/turn               (no ring)

@: mighty
A: permanent stasis, dig shafts and tunnels, antennae 3, four strong arms
a: Dig, Shaft Self


You were on level 5 of the Dungeon.
You visited 1 branch of the dungeon, and saw 5 of its levels.

You collected 304 gold pieces.
You spent 90 gold pieces at shops.

Inventory:

Hand Weapons
 a - a +0 quarterstaff (weapon)
Armour
 i - a +0 pair of gloves (worn)
 m - a +2 chain mail of cold resistance (worn)
 t - a +0 kite shield (worn)
Jewellery
 b - an amulet of faith
 g - an amulet of the acrobat
 x - an amulet of reflection (around neck)
Wands
 p - a wand of mindburst (2)
 v - a wand of acid (5)
Scrolls
 c - a scroll of vulnerability {unknown}
 f - 2 scrolls of identify
 l - a scroll of fog
 n - 2 scrolls of enchant armour
 u - 2 scrolls of poison {unknown}
 w - a scroll of fear {unknown}
Potions
 e - 2 potions of lignification
 h - 2 potions of cancellation
 j - a potion of heal wounds {unknown}
 o - 2 potions of curing {unknown}
 s - a potion of flight {unknown}


   Skills:
 - Level 3.2 Fighting
 + Level 8.0 Staves
 - Level 3.2 Armour
 - Level 4.0 Shields


You had 6 spell levels left.
You didn't know any spells.
Your spell library contained the following spells:

 Spells                   Type           Power      Damage    Failure   Level
 Apportation              Tloc           0%         N/A       100%        1
 Alistair's Intoxication  Tmut/Pois      0%         N/A       100%        5


Dungeon Overview and Level Annotations

Branches:
Dungeon (5/15)
 Temple: D:4-7

Altars:
Uskayaw

Shops:
D:3 ?   D:4 *


Innate Abilities, Weirdness & Mutations

You cannot be hasted, slowed, berserked, paralysed or teleported.
You can dig through walls and to a lower floor.
You have a pair of large antennae on your head. (SInv)
Your four strong arms can wield two-handed weapons with a shield.


Message History

Found 5 poisoned darts.
f - 2 scrolls of identify (gained 1)
You now have 214 gold pieces (gained 13).
Found a chain mail.
A troll comes into view.
The troll shouts!
You see here a +0 chain mail.
You sock the troll!
The troll is moderately wounded.
You block the troll's attack. x2; The troll claws you.
You barely miss the troll.
The troll is moderately wounded.
The troll bites you! You block the troll's attack. The troll claws you.
You hit the troll but do no damage.
The troll is lightly wounded.
You block the troll's attack. The troll barely misses you.
You block the troll's attack. The troll bites you.
You block the troll's attack. The troll claws you but does no damage.
You hit the troll.
The troll is moderately wounded.
You block the troll's attack. x2; The troll claws you but does no damage.
You hit the troll but do no damage.
The troll is moderately wounded.
The troll bites you! The troll claws you but does no damage.
The troll barely misses you.
You feel very mighty all of a sudden.
You block the troll's attack. x2; The troll claws you but does no damage.
You barely miss the troll.
The troll is lightly wounded.
The troll barely misses you. You block the troll's attack. x2
You thump the troll!
The troll is heavily wounded.
The troll bites you! The troll claws you but does no damage.
You block the troll's attack.
You barely miss the troll.
The troll is moderately wounded.
You block the troll's attack. The troll claws you!
* * * LOW HITPOINT WARNING * * *
The troll claws you!
You die...

.....## *,,*
**,,*,,*** #...##
##.#* ***,,***
##..##
#...**#*,,,**
##..#
*#...##.,,***
#..## *,.....,***
##..##*###.,....**
#...#.....,,..#*
##....#*****#T#
##..#### #@##
##..## #..# ##..##
##.# #..## #.##
..## #..# .##
##.## ## #..# #
###..# ###....##


You could see a troll.

Vanquished Creatures
  A water moccasin (D:5)
  A scorpion (D:4)
  5 hounds
  A jelly (D:4)
  Jessica (D:2)
  Ijyb (D:3)
  Natasha (thrice) (D:3)
  5 adders
  An ufetubus (D:4)
  A worm (D:5)
  6 dart slugs
  An orc (D:5)
  3 bats
  7 endoplasms
  3 giant cockroaches
  8 goblins
  4 hobgoblins
  5 jackals
  4 kobolds (D:4)
  5 ball pythons
  2 frilled lizards (D:1)
  3 rats
71 creatures vanquished.

Vanquished Creatures (others)
  7 plants (D:3)
7 creatures vanquished.

Grand Total: 78 creatures vanquished

Notes
Turn   | Place    | Note
-------+----------+-------------------------------------------
     0 | D:1      | ptdevnull the Formicid Fighter began the quest for the Orb.
     0 | D:1      | Reached XP level 1. HP: 18/18 MP: 1/1
   201 | D:1      | Reached XP level 2. HP: 24/24 MP: 2/2
   529 | D:1      | Reached skill level 3 in Staves
  1025 | D:2      | Reached XP level 3. HP: 29/29 MP: 3/3
  1217 | D:2      | Found a faded altar of an unknown god.
  1218 | D:2      | Noticed Jessica
  1232 | D:2      | Killed Jessica
  1233 | D:2      | Reached skill level 4 in Staves
  1233 | D:2      | Reached XP level 4. HP: 17/35 MP: 4/4
  1991 | D:3      | Reached skill level 5 in Staves
  1991 | D:3      | Reached XP level 5. HP: 39/41 MP: 5/5
  2028 | D:3      | Noticed Natasha
  2037 | D:3      | Killed Natasha
  2099 | D:3      | Noticed Ijyb
  2114 | D:3      | Killed Ijyb
  2195 | D:3      | Found Hoji's Magic Scroll Shoppe.
  2205 | D:3      | Bought a scroll of identify for 24 gold pieces
  2205 | D:3      | Bought a scroll of magic mapping for 42 gold pieces
  2205 | D:3      | Bought a scroll of identify for 24 gold pieces
  2292 | D:3      | Noticed Natasha
  2306 | D:3      | Killed Natasha
  2307 | D:3      | Reached XP level 6. HP: 38/47 MP: 6/6
  2444 | D:3      | Noticed Natasha
  2454 | D:3      | Killed Natasha
  2455 | D:3      | Reached skill level 6 in Staves
  2953 | D:4      | Found Zedapir's Gadget Gallery.
  3106 | D:4      | Reached XP level 7. HP: 51/52 MP: 7/7
  3117 | D:4      | Reached skill level 7 in Staves
  3380 | D:5      | Entered Level 5 of the Dungeon
  3399 | D:5      | Found a hide-covered altar of Uskayaw.
  3414 | D:5      | Noticed a water moccasin
  3434 | D:5      | Killed a water moccasin
  3520 | D:5      | Reached skill level 8 in Staves
  3789 | D:5      | Noticed a troll
  3802 | D:5      | Slain by a troll

Illustrated notes

Levels and vault maps discovered:
D:1:      roderic_octagonal_star, layout_basic, st_stairs_5,
          minmay_misc_feat_five
D:2:      layout_loops_corners, shapermc_ecumenical_altar_mp_ritualfount,
          uniq_jessica
D:3:      layout_rooms, serial_shops, nicolae_shop_waterfront,
          minmay_misc_feat_hallway, chequers_serial_rivers_small_3,
          corexii_item_surrounded_by_moat, serial_bayou_lagoon_a,
          minmay_goblin_kobold_house, uniq_natasha, uniq_ijyb
D:4:      layout_rooms, nicolae_shop_gadgets
D:5:      layout_cave_pods, nicolae_uskayaw_murder_on_the_dancefloor

Skill      XL: |  1  2  3  4  5  6  7 |
---------------+----------------------+-----
Staves         | 3 4 5 6 8 |  8.0
Fighting       | |  3.2
Armour         | |  3.2
Shields        | |  4.0

Action                   |  1- 3 |  4- 6 |  7- 9 || total
-------------------------+-------+-------+-------++-------
Melee: Quarterstaff      |    50 |   132 |    70 ||   252
  Use: Scroll            |       |       |     8 ||     8
       Potion            |       |       |     1 ||     1
Armor: Scale mail        |     5 |       |       ||     5
       Chain mail        |    17 |    87 |    27 ||   131
Dodge: Dodged            |    22 |    35 |    22 ||    79
Block: Buckler           |     5 |    19 |       ||    24
       Kite shield       |       |    29 |    52 ||    81

Table legend: (Time is in decaauts)
 A = Elapsed time spent in this place.
 B = Non-inter-level travel time spent in this place.
 C = Inter-level travel time spent in this place.
 D = Time resting spent in this place.
 E = Time spent auto-exploring this place.
 F = Levels seen in this place.
 G = Mean time per level.
                   A        B        C        D        E       F      G
               +--------+--------+--------+--------+--------+-----+--------+
         Total |   3836 |   3710 |    126 |    595 |   2438 |   5 |  767.2 |
       Dungeon |   3836 |   3710 |    126 |    595 |   2438 |   5 |  767.2 |
               +--------+--------+--------+--------+--------+-----+--------+

Top non-repeatable levels by time:
     D:2: 993 daAuts
     D:3: 977 daAuts
     D:1: 844 daAuts
     D:4: 597 daAuts
     D:5: 424 daAuts
